 Dungeon Crawl Stone Soup version 0.26-a0-1126-g3318b609a0 (webtiles) character file.

Game seed: 5669501891912358847

47801 vvl the Brawler (level 14, -6/141 HPs)
             Began as a Troll Monk on Dec 18, 2020.
             Mangled by an azure jelly (30 damage)
             ... on level 1 of the Pits of Slime.
             The game lasted 01:38:58 (15476 turns).

vvl the Brawler (Troll Monk)                       Turns: 15476, Time: 01:38:59

Health: -6/141     AC: 15    Str: 26    XL:     14   Next: 9%
Magic:  13/13      EV: 12    Int:  6    God:
Gold:   1043       SH:  0    Dex: 24    Spells: 13/13 levels left

rFire    . . .     SeeInvis .     - Unarmed
rCold    . . .     Faith    .   m - +1 kite shield {AC+3}
rNeg     . . .     Spirit   .   R - +0 storm dragon scales
rPois    .         Reflect  +   (helmet restricted)
rElec    +         Harm     .   (no cloak)
rCorr    .         Rampage  .   (gloves unavailable)
Will     +....                  (boots unavailable)
Stlth    ..........             c - amulet of reflection
HPRegen  0.73/turn              i - +6 ring of dexterity
MPRegen  0.13/turn              X - +6 ring of dexterity

@: confused
A: large, unfitting armour, claws 3, blurry vision 1, deformed body,
regeneration 1, shaggy fur 1, tough skin 3
a: no special abilities


You were on level 1 of the Pits of Slime.
You visited 4 branches of the dungeon, and saw 19 of its levels.
You also visited: Bailey, Ice Cave and Volcano.

You collected 1043 gold pieces.

Inventory:

Hand Weapons
 f - a +2 dire flail of protection
 g - a +0 broad axe of flaming
 q - a +1 mace of protection
 y - a +2 whip of holy wrath
 G - a +1 trident of flaming
 H - a +0 glaive of flaming
 I - a +4 battleaxe
Armour
 a - +0 steam dragon scales
 m - a +1 kite shield of protection (worn)
 w - a +2 scale mail of poison resistance
 N - the +1 leather armour of Defiance {rF- Regen+ Str+7 SInv}
   (You found it in a bailey)

   It affects your strength (+7).
   It makes you vulnerable to fire.
   It lets you see invisible.
   It increases your rate of regeneration.
 R - +0 storm dragon scales (worn)
 T - the +0 ring mail of the Gloaming {rC+++ Stlth+}
   (You found it on level 10 of the Dungeon)

   It renders you almost immune to cold.
   It makes you more stealthy.
Jewellery
 c - an amulet of reflection (around neck)
 d - an uncursed ring of fire
 i - a +6 ring of dexterity (left claw)
 u - an uncursed amulet of guardian spirit
 D - a +4 ring of evasion {unknown}
 J - an uncursed amulet of faith
 P - an uncursed ring of positive energy
 U - an uncursed ring of magical power
 W - an uncursed ring of positive energy
 X - a +6 ring of dexterity (right claw)
Wands
 s - a wand of flame (40)
 z - a wand of polymorph (9)
 A - a wand of acid (2)
 F - a wand of disintegration (20)
 Z - a wand of iceblast (15)
Scrolls
 e - 3 scrolls of blinking
 h - 13 scrolls of remove curse
 j - 5 scrolls of amnesia
 k - 2 scrolls of teleportation
 o - 2 scrolls of fear
 r - 5 scrolls of enchant weapon
 t - 3 scrolls of enchant armour
 v - a scroll of brand weapon
 K - 2 scrolls of random uselessness
 M - a scroll of vulnerability
 V - 2 scrolls of immolation
Potions
 b - 4 potions of curing
 l - a potion of flight {unknown}
 n - 3 potions of haste
 p - 2 potions of lignification
 B - a potion of might
 C - 2 potions of attraction {unknown}
 E - 2 potions of resistance {unknown}
 L - 2 potions of brilliance
 O - a potion of magic {unknown}
 Q - 2 potions of ambrosia {unknown}
 S - 4 potions of berserk rage
 Y - 2 potions of degeneration
Miscellaneous
 x - a tin of tremorstones (2/2)


   Skills:
 + Level 9.9 Fighting
 + Level 1.3 Maces & Flails
 + Level 7.1 Armour
 + Level 9.1 Dodging
 - Level 1.0 Stealth
 + Level 6.5 Shields
 * Level 15.5 Unarmed Combat


You had 13 spell levels left.
You didn't know any spells.
Your spell library contained the following spells:

 Spells                   Type           Power        Failure   Level
 Animate Skeleton         Necr           0%           99%         1
 Apportation              Tloc           0%           99%         1
 Beastly Appendage        Tmut           0%           99%         1
 Corona                   Hex            0%           99%         1
 Sandblast                Erth           0%           99%         1
 Summon Small Mammal      Summ           0%           99%         1
 Passwall                 Tmut/Erth      0%           100%        2
 Wereblood                Tmut           0%           100%        2
 Confusing Touch          Hex            0%           100%        3
 Gell's Gravitas          Tloc           0%           100%        3
 Spider Form              Tmut/Pois      0%           100%        3
 Stone Arrow              Conj/Erth      0%           100%        3
 Cause Fear               Hex            0%           100%        4
 Ice Form                 Ice/Tmut       0%           100%        4
 Petrify                  Tmut/Erth      0%           100%        4
 Blade Hands              Tmut           0%           100%        5
 Lee's Rapid Deconstruct  Erth           0%           100%        5
 Metabolic Englaciation   Hex/Ice        0%           100%        5
 Silence                  Hex/Air        0%           100%        5
 Yara's Violent Unravell  Hex/Tmut       0%           100%        5
 Discord                  Hex            0%           100%        8


Dungeon Overview and Level Annotations

Branches:
Dungeon (11/15)            Temple (1/1) D:5            Lair (6/6) D:11
  Swamp (0/4) Lair:3        Slime (1/5) Lair:6       Bailey (visited)
  IceCv (visited)         Volcano (visited)
  Snake: Lair:2-4    Spider: Lair:2-4       Orc: D:9-12

Altars:
Ashenzari
Cheibriados
Dithmenos
Elyvilon
Fedhas
Gozag
Hepliaklqana
Kikubaaqudgha
Makhleb
Nemelex Xobeh
Okawaru
Qazlal
Ru
Sif Muna
Trog
Uskayaw
Vehumet
Wu Jian
Xom
Yredelemnul
Zin
The Shining One

Shops:
D:6 }   D:7 *


Innate Abilities, Weirdness & Mutations

You are too large for most types of armour.
You have claws for hands.
Your natural rate of healing is unusually fast.
You are covered in fur. (AC +1)
You have extremely tough skin. (AC +3)
Scrolls take you a little longer to read.
Armour fits poorly on your strangely shaped body.


Message History

* * * LOW HITPOINT WARNING * * *
The large slime creature hits you but does no damage.
The golden eye blinks at you. You resist with almost no effort.
The slime creature barely misses you. x2
Two slime creatures merge to form a large slime creature.
The golden eye blinks at you. You resist with almost no effort.
The golden eye blinks at you. You resist with almost no effort.
Sorry, you're not good enough to have a special ability.
You barely miss the large slime creature.
You are splashed with acid.
* * * LOW HITPOINT WARNING * * *
The golden eye blinks!
The golden eye blinks at you. You resist with almost no effort.
The azure jelly closely misses you. The azure jelly hits you.
* * * LOW HITPOINT WARNING * * *
The azure jelly freezes you!!
You die...

..........>.^...
#.......#.........
..................
........J.G..G...§
......G...........
.#...........§....
#.......>........#
#.......JJG.....#
##....<.J@J..#.#
...#.....#....#
.........###.##
##.##...#. ## #
#...... #......#
........
..........


You could see 2 azure jellies, 2 large slime creatures, a slime creature, a
shining eye and 3 golden eyes.

Vanquished Creatures
  Snorg (Lair:3)
  3 hydras (Lair:6)
  Josephine (D:10)
  A two-headed ogre (D:9)
  A tengu warrior (D:9)
  4 death yaks (Lair:6)
  A hell knight (Volcano)
  A lindwurm (Lair:6)
  3 ugly things (Volcano)
  4 black mambas (Lair:6)
  4 elephants (Lair:6)
  Maurice (D:8)
  8 cane toads
  3 molten gargoyles
  A smoke demon (Volcano)
  2 rime drakes
  10 komodo dragons
  10 freezing wraiths (IceCv)
  2 ice devils (Lair:6)
  A red devil (Volcano)
  A troll (D:9)
  A queen bee (Lair:4)
  29 blink frogs
  A wolf spider simulacrum (IceCv)
  7 slime creatures
  29 yaks
  Sigmund (D:3)
  5 wraiths
  7 wyverns
  7 fire bats (Volcano)
  A death yak simulacrum (IceCv)
  9 basilisks
  Edmund (D:4)
  2 steam dragons (Lair:6)
  Menkaure (D:4)
  A swamp worm (Lair:3)
  11 water moccasins
  6 hell hounds
  A soldier ant (D:10)
  4 black bears
  4 orc warriors
  9 ice beasts
  2 sky beasts (D:10)
  A necrophage (D:7)
  A phantom (D:4)
  2 ogres
  12 wolves
  6 centaurs
  2 big kobolds (D:7)
  13 bullfrogs
  2 scorpions (D:11)
  A water moccasin skeleton (D:10)
  6 killer bees
  An elephant simulacrum (IceCv)
  5 howler monkeys
  9 wights
  5 hounds
  A bullfrog zombie (D:10)
  9 lava snakes
  2 draconian simulacra (IceCv)
  2 gnoll shamans (D:4)
  5 orc priests
  3 jellies
  A bullfrog skeleton (D:9)
  5 iguanas
  6 orc wizards
  Terence (D:2)
  8 worker ants
  A spriggan simulacrum (IceCv)
  3 troll simulacra (IceCv)
  A wolf simulacrum (IceCv)
  A centaur simulacrum (IceCv)
  A hound zombie (D:8)
  2 hound skeletons (D:4)
  14 gnolls
  2 ogre simulacra (IceCv)
  11 adders
  2 shadow imps
  14 white imps
  4 ufetubi
  2 oozes
  An adder zombie (D:3)
  An adder skeleton (D:6)
  2 worms
  4 dart slugs (D:1)
  9 leopard geckos
  24 orcs
  A ball python (D:3)
  4 bats (D:1)
  6 giant cockroaches
  6 goblins
  5 hobgoblins
  10 jackals
  5 kobolds
  4 quokkas
  7 frilled lizards
  A leopard gecko skeleton (D:8)
  A quokka skeleton (D:4)
  7 rats
467 creatures vanquished.

Vanquished Creatures (others)
  29 fungi
  42 plants
71 creatures vanquished.

Grand Total: 538 creatures vanquished

Notes
Turn   | Place    | Note
-------+----------+-------------------------------------------
     0 | D:1      | vvl the Troll Monk began the quest for the Orb.
     0 | D:1      | Reached XP level 1. HP: 22/22 MP: 0/0
   115 | D:1      | Reached XP level 2. HP: 29/29 MP: 1/1
   283 | D:1      | Reached XP level 3. HP: 36/36 MP: 2/2
   526 | D:1      | Reached skill level 4 in Unarmed Combat
  1096 | D:2      | Reached XP level 4. HP: 41/45 MP: 3/3
  1162 | D:2      | Noticed a +0 dagger
  1162 | D:2      | Noticed a +0 hand axe
  1240 | D:2      | Found a hide-covered altar of Uskayaw.
  1318 | D:2      | Noticed Terence
  1330 | D:2      | Killed Terence
  1500 | D:3      | Found a radiant altar of Vehumet.
  1799 | D:3      | Noticed Sigmund
  1804 | D:3      | Killed Sigmund
  1805 | D:3      | Reached skill level 5 in Unarmed Combat
  1805 | D:3      | Reached XP level 5. HP: 43/54 MP: 4/4
  1805 | D:3      | Reached XP level 6. HP: 50/62 MP: 5/5
  2091 | D:3      | Found a faded altar of an unknown god.
  2276 | D:4      | Noticed Menkaure
  2279 | D:4      | Reached skill level 6 in Unarmed Combat
  2286 | D:4      | Killed Menkaure
  2475 | D:4      | Reached XP level 7. HP: 51/70 MP: 6/6
  2742 | D:4      | Reached skill level 7 in Unarmed Combat
  3201 | D:4      | Noticed Edmund
  3211 | D:4      | Killed Edmund
  3212 | D:4      | Reached skill level 5 in Fighting
  3212 | D:4      | Reached skill level 8 in Unarmed Combat
  3212 | D:4      | Reached XP level 8. HP: 79/80 MP: 7/7
  3513 | D:5      | Entered Level 5 of the Dungeon
  3694 | D:5      | Found a shimmering blue altar of Sif Muna.
  3694 | D:5      | Found a snail-covered altar of Cheibriados.
  3719 | D:5      | Found a staircase to the Ecumenical Temple.
  3773 | D:5      | Found a hazy altar of Hepliaklqana.
  4360 | Temple   | Entered the Ecumenical Temple
  4752 | D:6      | Reached skill level 9 in Unarmed Combat
  4850 | D:6      | Found a glowing silver altar of Zin.
  4850 | D:6      | Noticed an angel
  4886 | D:6      | Found Sial's Gadget Shop.
  5177 | D:7      | Found a snail-covered altar of Cheibriados.
  5232 | D:7      | Reached XP level 9. HP: 80/89 MP: 8/8
  5370 | D:7      | Found a basalt altar of Yredelemnul.
  5511 | D:7      | Found a flagged portal.
  5520 | Bailey   | Entered a bailey
  5643 | Bailey   | Found a bloodstained altar of Trog.
  5657 | Bailey   | Reached skill level 10 in Unarmed Combat
  5695 | Bailey   | Got a masterwork leather armour
  5725 | D:7      | Found Oguras's General Store.
  5910 | D:7      | Found a white marble altar of Elyvilon.
  5916 | D:7      | Found a blossoming altar of Fedhas.
  5916 | D:7      | Found a blossoming altar of Fedhas.
  5916 | D:7      | Found a white marble altar of Elyvilon.
  6535 | D:8      | Reached skill level 5 in Dodging
  6564 | D:8      | Noticed Maurice
  6574 | D:8      | Killed Maurice
  6666 | D:8      | Found a broken altar of Ashenzari.
  7153 | D:9      | Noticed a two-headed ogre
  7168 | D:9      | Killed a two-headed ogre
  7169 | D:9      | Reached skill level 1 in Armour
  7169 | D:9      | Reached skill level 11 in Unarmed Combat
  7169 | D:9      | Reached XP level 10. HP: 58/100 MP: 9/9
  7595 | D:9      | Noticed a tengu warrior
  7611 | D:9      | Killed a tengu warrior
  8247 | D:10     | Entered Level 10 of the Dungeon
  8324 | D:9      | Reached skill level 1 in Shields
  8330 | D:9      | Reached skill level 12 in Unarmed Combat
  8575 | D:10     | Got an ichor-stained ring mail
  8607 | D:10     | Reached XP level 11. HP: 109/109 MP: 10/10
  8794 | D:10     | Noticed Josephine
  8816 | D:10     | Killed Josephine
  9064 | D:11     | Found a shimmering blue altar of Sif Muna.
  9098 | D:11     | Found a staircase to the Lair.
  9292 | D:11     | Noticed a six-headed hydra
  9390 | Lair:1   | Entered Level 1 of the Lair of Beasts
  9602 | Lair:1   | Identified the +0 ring mail of the Gloaming {rC+++ Stlth+}
                  | (You found it on level 10 of the Dungeon)
  9607 | Lair:1   | Identified the +1 leather armour of Defiance {rF- Regen+
                  | Str+7 SInv} (You found it in a bailey)
  9792 | Lair:1   | Reached skill level 13 in Unarmed Combat
  9824 | Lair:1   | Noticed a five-headed hydra
 10001 | Lair:3   | Found a staircase to the Swamp.
 10151 | Lair:3   | Reached XP level 12. HP: 108/122 MP: 11/11
 10408 | Lair:3   | Reached skill level 5 in Armour
 10832 | Lair:3   | Noticed Snorg
 10866 | Lair:3   | Killed Snorg
 11281 | Lair:4   | Found a dark tunnel.
 11494 | Lair:4   | Noticed an eight-headed hydra
 11569 | Volcano  | Entered a volcano
 11747 | Volcano  | Reached skill level 14 in Unarmed Combat
 11946 | Volcano  | Found a bloodstained altar of Trog.
 11969 | Volcano  | Reached skill level 5 in Shields
 12498 | Lair:6   | Entered Level 6 of the Lair of Beasts
 12527 | Lair:5   | Reached XP level 13. HP: 74/131 MP: 12/12
 12721 | Lair:6   | Found a staircase to the Slime Pits.
 12725 | Lair:6   | Found a frozen archway.
 12834 | IceCv    | Entered an ice cave
 13238 | IceCv    | Found an ancient bone altar of Kikubaaqudgha.
 14147 | Lair:6   | Reached skill level 15 in Unarmed Combat
 14889 | Lair:6   | Noticed a fire dragon
 14904 | Lair:6   | Reached XP level 14. HP: 112/141 MP: 13/13
 15186 | Lair:6   | Reached skill level 1 in Maces & Flails
 15463 | Slime:1  | Entered Level 1 of the Pits of Slime
 15463 | Slime:1  | Noticed an azure jelly
 15467 | Slime:1  | Gained mutation: Scrolls take you a little longer to read.
                  | [a shining eye]
 15469 | Slime:1  | Gained mutation: Armour fits poorly on your strangely
                  | shaped body. [a shining eye]
 15473 | Slime:1  | Noticed an azure jelly
 15476 | Slime:1  | Mangled by an azure jelly

Illustrated notes

Levels and vault maps discovered:
D:1:      roderic_crop_circles_arrival_small, layout_loops_cross,
          minmay_tetromino_i4
D:2:      layout_basic, dancing_weapons_uskayaw, uniq_terence
D:3:      layout_basic, lemuel_crystal_altar, chequers_ecumenical_altar_grove,
          uniq_sigmund
D:4:      layout_gridville, grunt_ministairs_14, uniq_edmund, uniq_menkaure
D:5:      cheibrodos_quashed, layout_loops_corners, kennysheep_mini,
          gammafunk_temple_overflow_pools, minmay_temple_entry_tees,
          nicolae_underground_beach
D:6:      layout_gridville, zin_angel, serial_shops, nicolae_shop_behind_doors,
          minivault_1
D:7:      minmay_the_grid_octo_tiled_squarecenter [minmay_the_grid_octo_empty,
          minmay_the_grid_octo_shrine, minmay_the_grid_octo_clover_2,
          minmay_the_grid_octo_pinwheel,
          minmay_the_grid_square_5x5_megaprize_hollow,
          minmay_the_grid_square_5x5_percent, minmay_the_grid_square_5x5_lines,
          minmay_the_grid_square_5x5_pentomino_r,
          minmay_the_grid_square_5x5_inverted_slash], layout_cave_pools,
          marbit_many_paths, serial_shops, shop, enter_bailey_2,
          cheibriados_altar_1
D:8:      layout_cave_pods, lemuel_round_altar, uniq_maurice
D:9:      layout_basic
D:10:     layout_roguey, uniq_josephine
D:11:     layout_gridville, minmay_lair_entry_grove, basic_altar,
          nicolae_blasting_shop, uniq_harold
Temple:   eino_narrow_crystal_temple
Lair:1:   layout_cave_pods, uniq_maggie, uniq_gastronok
Lair:2:   layout_chaotic_city, minmay_snake_entry_six_corridors
Lair:3:   layout_gridlike, minmay_swamp_entry_worms, uniq_snorg
Lair:4:   layout_roguey, enter_volcano_3, serial_forest,
          infiniplex_forest_straight_2, infiniplex_forest_clump_diagonal,
          infiniplex_forest_clump_medium, infiniplex_forest_clump_medium,
          infiniplex_forest_end_2, infiniplex_forest_lined_room_3,
          infiniplex_forest_clump_C, infiniplex_forest_diagonal, special_room
          [special_room_bee], serial_bayou_shore_a, uniq_nessos
Lair:5:   layout_regular_city, lemuel_fruit_tree, infiniplex_staircase_pool_2
Lair:6:   cheibrodos_lair_end_hotspot, layout_big_grid, slime_dummy,
          portal_ice_cave_demonic_guard
Slime:1:  layout_caves

Skill      XL: |  1  2  3  4  5  6  7  8  9 10 11 12 13 14 |
---------------+-------------------------------------------+-----
Unarmed Combat | 4 5 6 8 9 11 12 13 14 15 | 15.5
Fighting       | 3 4 5 6 7 8 9 |  9.9
Dodging        | 4 5 6 7 8 9 |  9.1
Armour         | 1 3 4 5 7 |  7.1
Shields        | 1 3 5 6 |  6.5
Maces & Flails | 1 |  1.3
Stealth        | |  1.0

Action                   |  1- 3 |  4- 6 |  7- 9 | 10-12 | 13-15 || total
-------------------------+-------+-------+-------+-------+-------++-------
Melee: Unarmed           |   105 |    97 |   276 |   694 |   446 ||  1618
       Punch             |     1 |     2 |    13 |     4 |       ||    20
       Mace              |       |       |       |     1 |       ||     1
       Whip              |       |       |       |       |    77 ||    77
Evoke: Wand              |       |       |       |       |    18 ||    18
  Use: Scroll            |       |     3 |    17 |    16 |     4 ||    40
       Potion            |       |       |     2 |     5 |     1 ||     8
 Stab: Sleeping          |     3 |     4 |     5 |       |       ||    12
       Distracted        |       |       |     1 |       |       ||     1
Armor: Robe              |    45 |    24 |    62 |       |       ||   131
       Storm dragon scal |       |       |     1 |   321 |   224 ||   546
Dodge: Dodged            |    40 |    41 |   160 |   190 |   169 ||   600
Block: Other             |       |       |    44 |     7 |       ||    51
       Reflection        |       |       |     8 |     8 |     4 ||    20
       Kite shield       |       |       |       |   538 |   429 ||   967

Table legend: (Time is in decaauts)
 A = Elapsed time spent in this place.
 B = Non-inter-level travel time spent in this place.
 C = Inter-level travel time spent in this place.
 D = Time resting spent in this place.
 E = Time spent auto-exploring this place.
 F = Levels seen in this place.
 G = Mean time per level.
                   A        B        C        D        E       F      G
               +--------+--------+--------+--------+--------+-----+--------+
         Total |  15219 |  13619 |   1600 |   2057 |   8188 |  22 |  691.8 |
       Dungeon |   8903 |   8050 |    853 |    515 |   6085 |  11 |  809.4 |
        Temple |    181 |    169 |     12 |      0 |    168 |   1 |  181.0 |
          Lair |   4475 |   3740 |    735 |    888 |   1483 |   6 |  745.8 |
    Slime Pits |     10 |     10 |      0 |      0 |      0 |   1 |   10.0 |
        Bailey |    190 |    190 |      0 |    108 |      3 |   1 |  190.0 |
      Ice Cave |    741 |    741 |      0 |    240 |    257 |   1 |  741.0 |
       Volcano |    716 |    716 |      0 |    306 |    192 |   1 |  716.0 |
               +--------+--------+--------+--------+--------+-----+--------+

Top non-repeatable levels by time:
  Lair:6: 2076 daAuts
     D:4: 1289 daAuts
     D:9: 1197 daAuts
  Lair:3: 1081 daAuts
     D:8: 939 daAuts
     D:7: 883 daAuts
     D:5: 869 daAuts
     D:1: 800 daAuts
     D:3: 791 daAuts
   IceCv: 741 daAuts
 Volcano: 716 daAuts
    D:10: 667 daAuts
     D:2: 603 daAuts
  Lair:4: 579 daAuts
     D:6: 517 daAuts
